 Dungeon Crawl Stone Soup version 0.27.1 (webtiles) character file.

Game seed: 11709817856517752822

17 nxtlvl the Cutter (level 2, -1/18 HPs)
             Began as a Deep Elf Monk on Aug 30, 2021.
             Slain by an adder (2 damage)
             ... on level 2 of the Dungeon.
             The game lasted 00:03:02 (441 turns).

nxtlvl the Cutter (Deep Elf Monk)                    Turns: 441, Time: 00:03:02

Health: -1/18      AC:  9    Str:  8    XL:     2   Next: 44%
Magic:  4/4        EV:  3    Int: 14    God:
Gold:   27         SH:  0    Dex: 17    Spells: 1/1 levels left

rFire    + . .     SeeInvis .   a - +0 short sword
rCold    . . .     Faith    .   (no shield)
rNeg     . . .     Spirit   .   d - +0 chain mail
rPois    .         Reflect  .   (no helmet)
rElec    .         Harm     .   (no cloak)
rCorr    .         Rampage  .   (no gloves)
Will     .....                  g - +0 pair of boots
Stlth    ..........             (no amulet)
HPRegen  0.06/turn              e - ring of protection from fire
MPRegen  0.09/turn              (no ring)

@: lethally poisoned (-1 -> -3)
A: no striking features
a: no special abilities


You were on level 2 of the Dungeon.
You visited 1 branch of the dungeon, and saw 3 of its levels.

You collected 27 gold pieces.

Inventory:

Hand Weapons
 a - a +0 short sword (weapon)
Missiles
 f - 8 boomerangs (quivered)
Armour
 b - a +0 robe
 d - a +0 chain mail (worn)
 g - a +0 pair of boots (worn)
Jewellery
 e - a ring of protection from fire (left hand)
Scrolls
 c - a scroll of fog {unknown}


   Skills:
 - Level 2.4 Fighting
 * Level 3.9 Short Blades
 - Level 3.6 Dodging
 - Level 2.4 Stealth


You had one spell level left.
You didn't know any spells.
Your spell library was empty.

Dungeon Overview and Level Annotations

Branches:
Dungeon (3/15)

Altars:

Annotations:
D:2 Sigmund


Message History

The adder bites you but does no damage.
You closely miss the adder.
The adder is heavily wounded.
The adder bites you but does no damage.
Your chain mail prevents you from hitting the adder.
The adder is heavily wounded.
The adder bites you but does no damage.
You hit the adder.
The adder is severely wounded.
The adder bites you but does no damage.
You closely miss the adder.
The adder is severely wounded.
The adder bites you but does no damage.
You barely miss the adder.
The adder is severely wounded.
The adder barely misses you. The adder bites you but does no damage.
You hit the adder but do no damage.
The adder is severely wounded.
The adder bites you.
* * * LOW HITPOINT WARNING * * *
You are lethally poisoned!
The adder poisons you!
You hit the adder.
The adder is severely wounded.
* * * LOW HITPOINT WARNING * * *
You feel sick. The adder bites you but does no damage.
You aren't carrying any potions.
Your chain mail prevents you from hitting the adder.
The adder is severely wounded.
* * * LOW HITPOINT WARNING * * *
You feel sick. The adder bites you but does no damage.
You hit the adder.
The adder is almost dead.
* * * LOW HITPOINT WARNING * * *
You feel sick. The adder barely misses you.
You closely miss the adder.
The adder is almost dead.
* * * LOW HITPOINT WARNING * * *
You feel sick. The adder bites you.
You die...

#.# ##.# ##
##..#####..##
##...........##
+...⌠..>..⌠...+
##...........##
##.g#####..##
##S#. ## #@#..#
#.#.. #.#..
#.#.. #...###
#.....#
##.#.#.<.#
#.....>..#
##########


You could see an adder and a hobgoblin.

Vanquished Creatures
  An adder (D:3)
  A dart slug (D:1)
  A hobgoblin (D:3)
  3 kobolds
  A rat (D:3)
7 creatures vanquished.

Notes
Turn   | Place    | Note
-------+----------+-------------------------------------------
     0 | D:1      | nxtlvl the Deep Elf Monk began the quest for the Orb.
     0 | D:1      | Reached XP level 1. HP: 13/13 MP: 3/3
   205 | D:3      | Reached XP level 2. HP: 14/18 MP: 4/4
   250 | D:2      | Noticed Sigmund
   441 | D:2      | Slain by an adder

Illustrated notes

Levels and vault maps discovered:
D:1:      scummos_arrival_star, layout_rooms, minmay_tromino_i4
D:2:      layout_basic, serial_corexii_hall, corexii_hall_statues_x,
          corexii_hall_statues_i, corexii_hall_statues_t,
          corexii_hall_statues_x, serial_shops, nicolae_lakefront_shop,
          chequers_ecumenical_altar_island, grunt_ministairs_15,
          minmay_fractal_squares_5, uniq_sigmund
D:3:      layout_loops_corners, grunt_temple_overflow_lords_of_destruction,
          nrook_campfire, grunt_ministairs_3

Action                   || total
-------------------------++-------
Melee: Short sword       ||    64
 Stab: Sleeping          ||     1
Armor: Chain mail        ||    31
       Robe              ||     1
Dodge: Dodged            ||    20
